 Dungeon Crawl Stone Soup version 0.28.0-53-g5a82cb258f (webtiles) character file.

Game seed: 13933116831160835237

21725 Elmgren the Severer (level 12, -5/94 HPs)
             Began as a Minotaur Berserker on July 27, 2022.
             Was a High Priest of Trog.
             Slain by an emperor scorpion (7 damage)
             ... on level 3 of the Lair of Beasts.
             The game lasted 00:50:15 (15918 turns).

Elmgren the Severer (Minotaur Berserker)           Turns: 15918, Time: 00:50:15

Health: -5/94      AC: 22    Str: 36    XL:     12   Next: 56%
Magic:  11/11      EV: 10    Int:  4    God:    Trog [*****.]
Gold:   623        SH:  9    Dex: 14    Spells: 11/11 levels left

rFire   + . .      SeeInvis .   z - +9 war axe of Offence {drain, Dex+4}
rCold   . . .      Faith    .   w - +1 buckler {reflect}
rNeg    . . .      Spirit   .   r - +0 plate armour
rPois   .          Reflect  +   (helmet restricted)
rElec   .          Harm     .   (no cloak)
rCorr   .          Rampage  .   d - +1 pair of gloves {Str+3}
Will    .....                   g - +0 pair of boots
Stlth   ..........              p - amulet of reflection
HPRegen 0.25/turn               o - +6 ring of strength
MPRegen 0.12/turn               l - ring of protection from fire

@: lethally poisoned (-5 -> -16)
A: horns 2, retaliatory headbutt
a: Renounce Religion, Berserk, Trog's Hand, Brothers in Arms


You were on level 3 of the Lair of Beasts.
You worshipped Trog.
Trog was extremely pleased with you.
You visited 3 branches of the dungeon, and saw 14 of its levels.

You collected 623 gold pieces.

Inventory:

Hand Weapons
 z - the +9 war axe of Offence (weapon) {drain, Dex+4}
   (You found it on level 8 of the Dungeon)

   A truly terrible weapon, it drains the life of any living foe it strikes.
   Dex:       It affects your dexterity (+4).
 H - a +2 battleaxe of flaming
Armour
 d - a +1 pair of gloves of strength (worn)
 g - a +0 pair of boots (worn)
 r - a +0 plate armour (worn)
 w - a +1 buckler of reflection (worn)
Jewellery
 l - a ring of protection from fire (right hand)
 o - a +6 ring of strength (left hand)
 p - an amulet of reflection (around neck)
 E - a ring of magical power
Wands
 s - a wand of flame (41)
 t - a wand of iceblast (7)
 v - a wand of charming (4)
 A - a wand of mindburst (7)
 B - a wand of polymorph (2)
Scrolls
 b - a scroll of torment
 h - 7 scrolls of vulnerability
 j - 6 scrolls of immolation
 k - a scroll of teleportation
 u - a scroll of enchant armour
 x - 2 scrolls of brand weapon
 y - 5 scrolls of identify
 D - 2 scrolls of fog
 G - 2 scrolls of magic mapping
Potions
 a - a potion of invisibility
 c - a potion of curing
 e - 2 potions of brilliance
 f - 3 potions of cancellation
 i - a potion of attraction
 m - 6 potions of flight {unknown}
 n - 4 potions of might {unknown}
 q - 3 potions of haste {unknown}
 C - a potion of ambrosia {unknown}
 F - a potion of magic {unknown}


   Skills:
 - Level 5.3 Fighting
 + Level 17.4 Axes
 + Level 17.2 Armour
 - Level 4.1 Dodging


You had 11 spell levels left.
You didn't know any spells.
Your spell library was empty.

Dungeon Overview and Level Annotations

Branches:
Dungeon (10/15)            Temple (0/1) D:5            Lair (3/6) D:10
 Spider (1/4) Lair:3
  Swamp: Lair:2-4    Shoals: Lair:2-4       Orc: D:9-12

Altars:
Okawaru

Shops:
D:2 (   D:10 (


Innate Abilities, Weirdness & Mutations

You have a pair of horns on your head.
You reflexively headbutt those who attack you in melee.


Message History

The emperor scorpion stings you but does no damage.
The emperor scorpion claws you but does no damage.
The emperor scorpion barely misses you.
You slice the emperor scorpion!! You headbutt the emperor scorpion.
The emperor scorpion is almost dead.
You feel very sick.
The emperor scorpion stings you but does no damage.
The emperor scorpion completely misses you.
The emperor scorpion barely misses you.
You barely miss the emperor scorpion.
You headbutt the emperor scorpion, but do no damage.
The emperor scorpion is almost dead.
You feel sick. The emperor scorpion stings you!
* * * LOW HITPOINT WARNING * * *
The emperor scorpion claws you but does no damage.
You block the emperor scorpion's attack.
You feel better. The emperor scorpion stings you.
* * * LOW HITPOINT WARNING * * *
You are lethally poisoned!
The emperor scorpion poisons you! The emperor scorpion barely misses you.
The emperor scorpion misses you.
* * * LOW HITPOINT WARNING * * *
You feel extremely sick.
There is a crawl-hole back to the Lair, spattered with blood here.
You can't go down here!
* * * LOW HITPOINT WARNING * * *
You feel very sick.
You block the emperor scorpion's attack.
The emperor scorpion closely misses you.
The emperor scorpion claws you but does no damage.
You climb upwards.
Welcome back to the Lair of Beasts!
* * * LOW HITPOINT WARNING * * *
You feel very sick.
There is a hole to the Spider Nest, spattered with blood here.
You hit the emperor scorpion but do no damage.
The emperor scorpion is almost dead.
* * * LOW HITPOINT WARNING * * *
You feel very sick. The emperor scorpion stings you!
You die...

...........####..# ##.......
......#.........######..#.....
...............##......#.#....
.....##.....^...##^#..#..###...#
##....#.#..^....^.^^####....#....
#.....###..........^^# #P#......#
##.......#...^##...^^#.###.....##
......###...^##^^^.......##......
#P........###^^@^#..............
##......###^^s^^^#.............
#P.......###^..^^##..##........
###.......^.....^# .####.#..P..
##.....^........ . .........
#..........^..... .........#
##..................###......#
#........#.##.####.. ........
#.......#..### ##..# ........


You could see an emperor scorpion (drained).

Vanquished Creatures
  A spark wasp (Spider:1)
  A hydra (Lair:1)
  A boulder beetle (Spider:1)
  A two-headed ogre (D:10)
  A death yak (Lair:3)
  A wolf spider (Spider:1)
  A black mamba (Lair:3)
  A torpor snail (Lair:3)
  7 cane toads
  8 komodo dragons
  3 demonic crawlers (Spider:1)
  A tengu conjurer (D:9)
  A troll (D:10)
  A hornet (D:8)
  2 tarantellas
  A jumping spider (Spider:1)
  A culicivora (Spider:1)
  2 wyverns
  2 vampires
  24 yaks
  8 redbacks
  3 basilisks (Lair:3)
  2 steam dragons
  2 water moccasins
  2 black bears
  4 orc warriors
  An ice beast (D:5)
  A sky beast (D:6)
  2 ogres
  3 necrophages
  4 wolves (Lair:1)
  3 centaurs
  A phantom (D:5)
  4 bullfrogs
  A kobold brigand (D:9)
  2 scorpions
  A wyvern zombie (D:5)
  A water moccasin skeleton (D:3)
  2 vampire bats (D:8)
  21 wights
  2 howler monkeys
  7 centaur zombies
  2 bullfrog zombies
  4 hounds
  2 jellies
  A centaur skeleton (D:5)
  2 gnoll shamans
  7 orc priests
  Crazy Yiuf (D:7)
  An iguana (D:2)
  13 orc wizards
  Natasha (thrice) (D:2)
  A killer bee zombie (D:8)
  A howler monkey zombie (D:8)
  15 gnolls
  2 adders (D:2)
  A shadow imp (D:5)
  2 white imps
  An adder skeleton (D:4)
  3 worms
  2 dart slugs
  28 orcs
  10 bats
  4 endoplasms
  2 giant cockroaches (D:1)
  7 goblins
  5 hobgoblins
  4 quokkas
  4 ball pythons
  5 frilled lizards
  11 kobolds
  2 rats
284 creatures vanquished.

Vanquished Creatures (collateral kills)
  2 culicivoras (Lair:3)
2 creatures vanquished.

Vanquished Creatures (others)
  An orc wizard (D:6)
  6 fungi
  14 plants
  7 withered plants (D:8)
28 creatures vanquished.

Grand Total: 314 creatures vanquished

Notes
Turn   | Place    | Note
-------+----------+-------------------------------------------
     0 | D:1      | Elmgren the Minotaur Berserker began the quest for the Orb.
     0 | D:1      | Reached XP level 1. HP: 19/19 MP: 0/0
   163 | D:1      | Reached XP level 2. HP: 27/27 MP: 1/1
   257 | D:1      | You fall into a shaft and drop 1 floor!
   403 | D:2      | Found Kumoe's Antique Weapon Emporium.
   433 | D:2      | Reached XP level 3. HP: 33/33 MP: 2/2
   505 | D:1      | Reached ** piety under Trog
   995 | D:2      | Noticed Natasha
  1012 | D:2      | Killed Natasha
  1045 | D:2      | Reached XP level 4. HP: 22/41 MP: 3/3
  1104 | D:2      | Noticed Natasha
  1112 | D:2      | Killed Natasha
  1490 | D:2      | Noticed Natasha
  1496 | D:2      | Killed Natasha
  1497 | D:2      | Reached XP level 5. HP: 47/47 MP: 4/4
  1952 | D:2      | Identified a scroll of acquirement
  1952 | D:2      | Acquired a +1 vampiric battleaxe
  2074 | D:3      | Reached skill level 5 in Fighting
  2074 | D:3      | Reached skill level 5 in Axes
  2620 | D:4      | Noticed a necrophage
  2625 | D:4      | Killed a necrophage
  2626 | D:4      | Reached XP level 6. HP: 45/56 MP: 5/5
  3083 | D:4      | Reached skill level 5 in Armour
  3241 | D:4      | Reached XP level 7. HP: 47/61 MP: 6/6
  4658 | D:4      | Acquired an amulet of reflection
  4706 | D:5      | Entered Level 5 of the Dungeon
  5014 | D:5      | Found a staircase to the Ecumenical Temple.
  5201 | D:5      | Reached XP level 8. HP: 68/68 MP: 7/7
  5259 | D:5      | Found an iron altar of Okawaru.
  5472 | D:6      | Reached *** piety under Trog
  7390 | D:7      | Reached XP level 9. HP: 74/74 MP: 8/8
  7402 | D:7      | Reached skill level 10 in Axes
  7667 | D:7      | Reached skill level 10 in Armour
  7880 | D:7      | Found a runed translucent door.
  7881 | D:7      | Noticed Crazy Yiuf
  7887 | D:7      | Killed Crazy Yiuf
  8391 | D:8      | Reached **** piety under Trog
  8458 | D:8      | Identified the +9 war axe of Offence {drain, Dex+4}
  8883 | D:8      | Reached XP level 10. HP: 81/81 MP: 9/9
  9006 | D:8      | Acquired a +1 buckler of reflection
 10199 | D:9      | Identified the +0 hand axe of Peril {flame, Will- Dex+5
                  | SInv}
 10417 | D:10     | Entered Level 10 of the Dungeon
 10530 | D:10     | Found a staircase to the Lair.
 10873 | D:10     | Reached ***** piety under Trog
 10874 | D:10     | Reached XP level 11. HP: 80/88 MP: 10/10
 10959 | D:10     | Found Cawnoukh's Hydra Hut.
 10963 | D:10     | Noticed an eight-headed hydra
 11286 | D:10     | Noticed a two-headed ogre
 11292 | D:10     | Killed a two-headed ogre
 11543 | Lair:1   | Entered Level 1 of the Lair of Beasts
 11801 | Lair:1   | Noticed a seven-headed hydra
 11812 | Lair:1   | Reached skill level 15 in Axes
 11812 | Lair:1   | Killed an 11-headed hydra
 11813 | Lair:1   | Reached skill level 15 in Armour
 13692 | Lair:2   | Reached XP level 12. HP: 80/94 MP: 11/11
 13799 | Lair:2   | Identified the +2 robe "Juigg" {rN+}
 14555 | Lair:3   | Noticed a death yak
 14562 | Lair:3   | Killed a death yak
 14778 | Lair:3   | Found a hole to the Spider Nest.
 15165 | Spider:1 | Entered Level 1 of the Spider Nest
 15177 | Spider:1 | Noticed a spark wasp
 15183 | Spider:1 | Killed a spark wasp
 15197 | Spider:1 | Received a gift from Trog
 15213 | Spider:1 | Noticed a boulder beetle
 15878 | Spider:1 | Killed a boulder beetle
 15901 | Spider:1 | Noticed an emperor scorpion
 15917 | Lair:3   | HP: 4/94 [poisoned by an emperor scorpion]
 15918 | Lair:3   | Slain by an emperor scorpion

Illustrated notes

Levels and vault maps discovered:
D:1:      dpeg_arrival_ternary, layout_basic, corexii_item_surrounded_by_moat,
          minmay_misc_feat_nine_boxes, amethyst_killhole
D:2:      layout_basic, serial_shops, shop, uniq_natasha
D:3:      layout_basic, grunt_ministairs_2, nicolae_elevator_lobby_asterisk
D:4:      layout_layer_cave
D:5:      layout_rooms, mainiacjoe_overflow_alcove_1, minmay_temple_entry_waves,
          hangedman_decor_peaks_small
D:6:      layout_loops_corners, enter_ossuary_3,
          minmay_a_box_with_orc_wizards_in_it
D:7:      layout_cave_pools, minmay_misc_feat_enclosed, uniq_crazy_yiuf_cottage
D:8:      layout_loops_ring, serial_undead, serial_undead_f, serial_undead_b,
          serial_undead_c, serial_undead_b, minivault_25, roderic_batcave,
          chequers_serial_rivers_micro_a, kennysheep_generic_room_10
D:9:      layout_irregular_city
D:10:     layout_stronghold, david_lair_shrubbed, doesnt_shop_hydraphobe
Lair:1:   layout_regular_city, cheibrodos_lair_reptile_den, grunt_megastairs_1,
          infiniplex_staircase_pool_2
Lair:2:   layout_cave_pods, infiniplex_staircase_pool, grunt_megastairs_3
Lair:3:   layout_layer_cave, shoals_dummy_entry, spider_nest_entry_webs
Spider:1: layout_spider_delve, gammafunk_ghost_split

Skill      XL: |  1  2  3  4  5  6  7  8  9 10 11 12 |
---------------+-------------------------------------+-----
Fighting       | 4 5 |  5.3
Axes           | 4 5 6 7 9 12 14 16 17 | 17.4
Armour         | 3 4 5 7 9 11 13 16 17 | 17.2
Dodging        | 3 4 |  4.1

Action                   |  1- 3 |  4- 6 |  7- 9 | 10-12 || total
-------------------------+-------+-------+-------+-------++-------
Melee: Hand axe          |    29 |       |       |       ||    29
       Headbutt          |     7 |     9 |    39 |    70 ||   125
       War axe           |    30 |    19 |   118 |   317 ||   484
       Battleaxe         |       |    48 |   130 |       ||   178
Invok: Berserk           |     1 |       |     1 |     5 ||     7
       Trog's Hand       |       |       |       |     1 ||     1
       Brothers in Arms  |       |       |       |     1 ||     1
Evoke: Wand              |       |       |       |     1 ||     1
  Use: Scroll            |     4 |     2 |    12 |     4 ||    22
       Potion            |       |       |       |     2 ||     2
 Stab: Sleeping          |     1 |       |       |       ||     1
       Distracted        |       |       |       |     1 ||     1
Armor: Ring mail         |    13 |    20 |     2 |       ||    35
       Plate armour      |       |       |   132 |   152 ||   284
Dodge: Dodged            |    40 |    58 |   105 |   116 ||   319
Block: Other             |       |       |    45 |     1 ||    46
       Reflection        |       |       |     6 |     3 ||     9
       Buckler           |       |       |       |   118 ||   118
